3L
CLEVELAND BROWNS @ SEATTLE ROCKETEERS
07/05/2039
 
TOP OF THE 1ST
Cleveland Browns batting - Pitching for Seattle Rocketeers : RHP Domingo Ramírez
Pitching: RHP Domingo Ramírez
Batting: RHB Carlos Martínez 0-0: Ball
1-0: Ball
2-0: Foul Ball, location: 2F
2-1: Foul Ball, location: 2F
2-2: Strikes out swinging
Batting: LHB Derek Healey 0-0: Called Strike
0-1: SINGLE (Line Drive, 7S, EV 104.4 MPH)
Batting: LHB Surender Nada 0-0: Called Strike
0-1: Ball
1-1: Ball
2-1: Called Strike
2-2: Fly out, F5 (Line Drive, 5, EV 66.9 MPH)
Batting: LHB Sadatake Abe 0-0: Ball
1-0: Ball
2-0: Called Strike
2-1: Foul Ball, location: 2F
2-2: Foul Ball, location: 2F
2-2: Ball
3-2: Ground out 4-3 (Groundball, 4, EV 109.4 MPH)
Top of the 1st over - 0 runs, 1 hit, 0 errors, 1 left on base; Cleveland 0 - Seattle 0
BOTTOM OF THE 1ST
Seattle Rocketeers batting - Pitching for Cleveland Browns : RHP Tim Walker
Pitching: RHP Tim Walker
Batting: SHB Lodd Felton 0-0: Ball
1-0: Called Strike
1-1: SINGLE (Line Drive, 3D, EV 100.6 MPH)
Batting: RHB Meester Gobbles-Rooster 0-0: Foul Ball, location: 2F
0-1: Foul Ball, location: 2F
0-2: Ball
1-2: Foul Ball, location: 2F
1-2: Grounds into double play, 6-4-3 (Groundball, 6, EV 96.2 MPH)
Batting: RHB Alain Grosjean 0-0: Called Strike
0-1: Ball
1-1: Foul Ball, location: 2F
1-2: Fly out, F8 (Flyball, 8RS, EV 86.9 MPH)
Bottom of the 1st over - 0 runs, 1 hit, 0 errors, 0 left on base; Cleveland 0 - Seattle 0
TOP OF THE 2ND
Cleveland Browns batting - Pitching for Seattle Rocketeers : RHP Domingo Ramírez
Batting: LHB Lauren Hilfiker 0-0: Ball
1-0: SINGLE (Line Drive, 8RS, EV 110.0 MPH)
Batting: RHB Richard Trevithick 0-0: Ball
1-0: Ball
2-0: Ball
3-0: Base on Balls
Lauren Hilfiker to second
Batting: LHB León Castillo 0-0: Ball
1-0: Foul Ball, location: 2F
1-1: Fly out, F8 (Flyball, 8LD, EV 110.0 MPH)
Batting: RHB Tom Camden 0-0: Swinging Strike
0-1: Swinging Strike
0-2: SINGLE (Groundball, 6M, EV 111.2 MPH)
Lauren Hilfiker to third
Richard Trevithick to second
Runner from 3rd tries for Home, SAFE, no throw by CF
Batting: SHB Raúl Rodríguez 0-0: Called Strike
0-1: Ball
1-1: Swinging Strike
1-2: Strikes out swinging
Batting: RHB Carlos Martínez 0-0: Ball
1-0: Swinging Strike
1-1: Ball
2-1: Foul Ball, location: 2F
2-2: Foul Ball, location: 2F
2-2: Foul Ball, location: 2F
2-2: Foul Ball, location: 2F
2-2: Single, Error in OF, E8, batter to second base (Line Drive, 78S, EV 103.1 MPH)
Richard Trevithick scores
Tom Camden to third
Batting: LHB Derek Healey 0-0: Ball
1-0: Fly out, F9 (Flyball, 89D, EV 101.2 MPH)
Top of the 2nd over - 2 runs, 3 hits, 1 error, 2 left on base; Cleveland 2 - Seattle 0
BOTTOM OF THE 2ND
Seattle Rocketeers batting - Pitching for Cleveland Browns : RHP Tim Walker
Batting: RHB Bastiaan Pieterse 0-0: Ball
1-0: Ball
2-0: Called Strike
2-1: Ball
3-1: Swinging Strike
3-2: Foul Ball, location: 2F
3-2: Foul Ball, location: 2F
3-2: Strikes out looking
Batting: RHB Claudio Tappen 0-0: Ball
1-0: Foul Ball, location: 2F
1-1: Foul Ball, location: 2F
1-2: Ball
2-2: Foul Ball, location: 2F
2-2: Ball
3-2: Foul Ball, location: 2F
3-2: Base on Balls
Batting: SHB Glyn Bolasky 0-0: Called Strike
0-1: Called Strike
0-2: Ball
1-2: Ball
2-2: Ball
3-2: Strikes out swinging
Batting: RHB Jurgen Flurgenburgen 0-0: Swinging Strike
0-1: Ball
1-1: 2-RUN HOME RUN (Line Drive, 7LD, EV 96.2 MPH), Distance : 338 ft
Batting: SHB Charles Geudre 0-0: Ball
1-0: Called Strike
1-1: Fly out, F3 (Popup, 23F, EV 88.8 MPH)
Bottom of the 2nd over - 2 runs, 1 hit, 0 errors, 0 left on base; Cleveland 2 - Seattle 2
TOP OF THE 3RD
Cleveland Browns batting - Pitching for Seattle Rocketeers : RHP Domingo Ramírez
Batting: LHB Surender Nada 0-0: Called Strike
0-1: Ground out 4-3 (Groundball, 4, EV 100.0 MPH)
Batting: LHB Sadatake Abe 0-0: Ball
1-0: Called Strike
1-1: Foul Ball, location: 2F
1-2: SINGLE (Groundball, 34D, EV 101.9 MPH)
Batting: LHB Lauren Hilfiker 0-0: Called Strike
0-1: 2-RUN HOME RUN (Flyball, 7D, EV 101.2 MPH), Distance : 362 ft
Batting: RHB Richard Trevithick 0-0: Ball
1-0: Ball
2-0: Ball
3-0: Base on Balls
Batting: LHB León Castillo 0-0: Ball
1-0: Called Strike
1-1: Ball
2-1: Ball
3-1: Foul Ball, location: 2F
3-2: Foul Ball, location: 2F
3-2: Grounds into double play, 5-4-3 (Groundball, 56, EV 105.6 MPH)
Top of the 3rd over - 2 runs, 2 hits, 0 errors, 0 left on base; Cleveland 4 - Seattle 2
BOTTOM OF THE 3RD
Seattle Rocketeers batting - Pitching for Cleveland Browns : RHP Tim Walker
Batting: RHB Bogumil Tiwontschik 0-0: Ball
1-0: Fly out, F6 (Popup, 6D, EV 45.6 MPH)
Batting: SHB Lodd Felton 0-0: Called Strike
0-1: Ball
1-1: Foul Ball, location: 2F
1-2: Foul Ball, location: 2F
1-2: Ball
2-2: Ball
3-2: Ground out U3 (Groundball, 3L, EV 84.4 MPH)
Batting: RHB Meester Gobbles-Rooster 0-0: Ball
1-0: Ball
2-0: Fly out, F9 (Flyball, 89D, EV 103.1 MPH)
Bottom of the 3rd over - 0 runs, 0 hits, 0 errors, 0 left on base; Cleveland 4 - Seattle 2
TOP OF THE 4TH
Cleveland Browns batting - Pitching for Seattle Rocketeers : RHP Domingo Ramírez
Batting: RHB Tom Camden 0-0: Foul Ball, location: 2F
0-1: Foul Ball, location: 2F
0-2: Strikes out swinging
Batting: SHB Raúl Rodríguez 0-0: Called Strike
0-1: Foul Ball, location: 2F
0-2: Ball
1-2: Fly out, F2 (Popup, 25F, EV 88.8 MPH)
Batting: RHB Carlos Martínez 0-0: Ball
1-0: Called Strike
1-1: Called Strike
1-2: Ball
2-2: Strikes out swinging
Top of the 4th over - 0 runs, 0 hits, 0 errors, 0 left on base; Cleveland 4 - Seattle 2
BOTTOM OF THE 4TH
Seattle Rocketeers batting - Pitching for Cleveland Browns : RHP Tim Walker
Batting: RHB Alain Grosjean 0-0: Ball
1-0: Ball
2-0: SINGLE (Groundball, 34D, EV 103.8 MPH)
Batting: RHB Bastiaan Pieterse 0-0: Ball
1-0: 2-RUN HOME RUN (Flyball, 9D, EV 89.4 MPH), Distance : 349 ft
Batting: RHB Claudio Tappen 0-0: Ball
1-0: Ball
2-0: Swinging Strike
2-1: Swinging Strike
2-2: Ground out 1-3 (Groundball, 13S, EV 65.0 MPH)
Batting: SHB Glyn Bolasky 0-0: Foul Ball, location: 2F
0-1: Ball
1-1: Foul Ball, location: 2F
1-2: Ball
2-2: Strikes out swinging
Batting: RHB Jurgen Flurgenburgen 0-0: Ground out U3 (Groundball, 3, EV 97.5 MPH)
Bottom of the 4th over - 2 runs, 2 hits, 0 errors, 0 left on base; Cleveland 4 - Seattle 4
TOP OF THE 5TH
Cleveland Browns batting - Pitching for Seattle Rocketeers : RHP Domingo Ramírez
Batting: LHB Derek Healey 0-0: Fly out, F9 (Line Drive, 9, EV 91.9 MPH)
Batting: LHB Surender Nada 0-0: Ball
1-0: Foul Ball, location: 2F
1-1: SOLO HOME RUN (Flyball, 9D, EV 87.5 MPH), Distance : 335 ft
Pitching: RHP Okura Yamasaki
Batting: LHB Sadatake Abe 0-0: Ball
1-0: Called Strike
1-1: Ball
2-1: Called Strike
2-2: Strikes out swinging
Batting: LHB Lauren Hilfiker 0-0: Called Strike
0-1: Ball
1-1: Ball
2-1: Foul Ball, location: 2F
2-2: Ball
3-2: Ground out U3 (Groundball, 34, EV 89.4 MPH)
Top of the 5th over - 1 run, 1 hit, 0 errors, 0 left on base; Cleveland 5 - Seattle 4
BOTTOM OF THE 5TH
Seattle Rocketeers batting - Pitching for Cleveland Browns : RHP Tim Walker
Batting: SHB Charles Geudre 0-0: Called Strike
0-1: Ground out 4-3 (Groundball, 4, EV 86.9 MPH)
Batting: RHB Bogumil Tiwontschik 0-0: Called Strike
0-1: Swinging Strike
0-2: Strikes out looking
Batting: SHB Lodd Felton 0-0: Called Strike
0-1: Foul Ball, location: 2F
0-2: Ground out 4-3 (Groundball, 34, EV 85.0 MPH)
Bottom of the 5th over - 0 runs, 0 hits, 0 errors, 0 left on base; Cleveland 5 - Seattle 4
TOP OF THE 6TH
Cleveland Browns batting - Pitching for Seattle Rocketeers : RHP Okura Yamasaki
Batting: RHB Richard Trevithick 0-0: Fly out, F9 (Line Drive, 9, EV 92.5 MPH)
Batting: LHB León Castillo 0-0: Ball
1-0: Called Strike
1-1: Ball
2-1: Ball
3-1: DOUBLE (Line Drive, 89XD, EV 102.5 MPH)
Batting: RHB Tom Camden 0-0: Ball
1-0: Ball
2-0: Ball
Wild Pitch!
León Castillo to third
3-0: Called Strike
3-1: Base on Balls
Batting: SHB Raúl Rodríguez 0-0: Fielders Choice at 2nd, 1-6 (Groundball, 34S, EV 78.1 MPH)
Batting: RHB Carlos Martínez 0-0: Ball
1-0: SINGLE (Groundball, 6MD, EV 105.0 MPH)
León Castillo scores
Raúl Rodríguez to second
Runner from 2nd tries for 3rd, SAFE, no throw by CF
Batting: LHB Derek Healey 0-0: Called Strike
Carlos Martínez steals 2nd base (no throw)
0-1: Foul Ball, location: 2F
0-2: Foul Ball, location: 2F
0-2: Ball
1-2: Ball
2-2: Strikes out swinging
Top of the 6th over - 1 run, 2 hits, 0 errors, 2 left on base; Cleveland 6 - Seattle 4
BOTTOM OF THE 6TH
Seattle Rocketeers batting - Pitching for Cleveland Browns : RHP Tim Walker
Batting: RHB Meester Gobbles-Rooster 0-0: Ball
1-0: Ground out 6-3 (Groundball, 6, EV 78.8 MPH)
Batting: RHB Alain Grosjean 0-0: Ball
1-0: Swinging Strike
1-1: Ball
2-1: Ball
3-1: Ground out 4-3 (Groundball, 4M, EV 101.9 MPH)
Batting: RHB Bastiaan Pieterse 0-0: Ball
1-0: Ball
2-0: SOLO HOME RUN (Flyball, 89XD, EV 97.5 MPH), Distance : 400 ft
Pitching: RHP Hans Rager
Batting: RHB Claudio Tappen 0-0: Ball
1-0: Called Strike
1-1: Ground out 6-3 (Groundball, 6, EV 90.0 MPH)
Bottom of the 6th over - 1 run, 1 hit, 0 errors, 0 left on base; Cleveland 6 - Seattle 5
TOP OF THE 7TH
Cleveland Browns batting - Pitching for Seattle Rocketeers : RHP Okura Yamasaki
Batting: LHB Surender Nada 0-0: Called Strike
0-1: Ball
1-1: Ball
2-1: Foul Ball, location: 2F
2-2: Strikes out swinging
Batting: LHB Sadatake Abe 0-0: Ball
1-0: Ball
2-0: Foul Ball, location: 2F
2-1: Ball
3-1: Base on Balls
Batting: LHB Lauren Hilfiker 0-0: Foul Ball, location: 2F
0-1: Ball
1-1: Fly out, F9 (Flyball, 89XD, EV 96.9 MPH)
Batting: RHB Richard Trevithick 0-0: Swinging Strike
0-1: Ball
1-1: Ball
2-1: Swinging Strike
2-2: Ball
3-2: Strikes out swinging
Top of the 7th over - 0 runs, 0 hits, 0 errors, 1 left on base; Cleveland 6 - Seattle 5
BOTTOM OF THE 7TH
Seattle Rocketeers batting - Pitching for Cleveland Browns : RHP Hans Rager
Now in LF: Spartak Gonjarov
Batting: SHB Glyn Bolasky 0-0: Called Strike
0-1: Foul Ball, location: 2F
0-2: Ball
1-2: Foul Ball, location: 2F
1-2: Fly out, F8 (Flyball, 8RXD, EV 82.5 MPH)
Batting: RHB Jurgen Flurgenburgen 0-0: Called Strike
0-1: Ball
1-1: Ground out U3 (Groundball, 34S, EV 69.4 MPH)
Batting: SHB Charles Geudre 0-0: Ball
1-0: Called Strike
1-1: Ball
2-1: Ground out 6-3 (Groundball, 6M, EV 103.8 MPH)
Bottom of the 7th over - 0 runs, 0 hits, 0 errors, 0 left on base; Cleveland 6 - Seattle 5
TOP OF THE 8TH
Cleveland Browns batting - Pitching for Seattle Rocketeers : RHP Okura Yamasaki
Batting: LHB León Castillo 0-0: SOLO HOME RUN (Line Drive, 9LD, EV 92.5 MPH), Distance : 325 ft
Batting: RHB Tom Camden 0-0: Ball
1-0: Called Strike
1-1: Ball
2-1: Ball
3-1: SINGLE (Groundball, 6D, EV 96.9 MPH)
Pitching: RHP Min-chor Chon
Batting: SHB Raúl Rodríguez 0-0: Bunted foul
0-1: Ball
Tom Camden steals 2nd base
1-1: Bunted foul
1-2: Ball
2-2: Ground out 4-3 (Groundball, 4S, EV 82.5 MPH)
Tom Camden to third
Batting: RHB Carlos Martínez 0-0: Swinging Strike
0-1: Swinging Strike
0-2: Ball
1-2: Strikes out looking
Batting: LHB Derek Healey 0-0: Ball
1-0: Ball
2-0: Called Strike
2-1: Foul Ball, location: 2F
2-2: Foul Ball, location: 2F
2-2: Ground out 4-3 (Groundball, 4, EV 85.6 MPH)
Top of the 8th over - 1 run, 2 hits, 0 errors, 1 left on base; Cleveland 7 - Seattle 5
BOTTOM OF THE 8TH
Seattle Rocketeers batting - Pitching for Cleveland Browns : RHP Hans Rager
Now at 2B: Yu-shu Tseng
Batting: RHB Bogumil Tiwontschik 0-0: Called Strike
0-1: Ball
1-1: Fly out, F7 (Flyball, 7D, EV 98.1 MPH)
Batting: SHB Lodd Felton 0-0: Called Strike
0-1: Called Strike
0-2: Ball
1-2: Ground out 4-3 (Groundball, 4S, EV 90.6 MPH)
Batting: RHB Meester Gobbles-Rooster 0-0: Called Strike
0-1: Fly out, F8 (Flyball, 8RD, EV 98.1 MPH)
Bottom of the 8th over - 0 runs, 0 hits, 0 errors, 0 left on base; Cleveland 7 - Seattle 5
TOP OF THE 9TH
Cleveland Browns batting - Pitching for Seattle Rocketeers : RHP Min-chor Chon
Pitching: LHP Kenny Luker
Batting: RHB Spartak Gonjarov 0-0: Ball
1-0: Called Strike
1-1: Ground out 4-3 (Groundball, 34, EV 96.2 MPH)
Batting: LHB Sadatake Abe 0-0: Fly out, F8 (Flyball, 89M, EV 89.4 MPH)
Batting: LHB Lauren Hilfiker 0-0: Swinging Strike
0-1: Swinging Strike
0-2: Foul Ball, location: 2F
0-2: Strikes out looking
Top of the 9th over - 0 runs, 0 hits, 0 errors, 0 left on base; Cleveland 7 - Seattle 5
BOTTOM OF THE 9TH
Seattle Rocketeers batting - Pitching for Cleveland Browns : RHP Hans Rager
Pitching: RHP Tomás Huesca
Batting: RHB Alain Grosjean 0-0: Called Strike
0-1: Ground out 5-3 (Groundball, 5L, EV 107.5 MPH)
Batting: RHB Bastiaan Pieterse 0-0: Ball
1-0: Ball
2-0: Ball
3-0: Base on Balls
Batting: RHB Claudio Tappen 0-0: Ball
Wild Pitch!
Bastiaan Pieterse to second
1-0: Called Strike
1-1: Ball
2-1: Called Strike
2-2: Fly out, F8 (Line Drive, 8RD, EV 109.4 MPH)
Batting: SHB Glyn Bolasky 0-0: Ball
1-0: Called Strike
1-1: Swinging Strike
1-2: Strikes out swinging
Bottom of the 9th over - 0 runs, 0 hits, 0 errors, 1 left on base; Cleveland 7 - Seattle 5
Wednesday, July 8th, 2020 - OOTP Baseball 20.8 Build 74